 Dungeon Crawl Stone Soup version 0.31-a0-150-g89dc3ad700 (webtiles) character file.

Game seed: 8589404820431810880

522 qw the Skirmisher (level 7, -1/61 HPs)
             Began as a Minotaur Hunter on June 8, 2023.
             Succumbed to an orc's poison
             ... on level 4 of the Dungeon.
             The game lasted 00:01:07 (2966 turns).

qw the Skirmisher (Minotaur Hunter)                 Turns: 2966, Time: 00:01:08

Health: -1/61      AC:  5    Str: 16    XL:     7   Next: 1%
Magic:  6/6        EV: 11    Int:  6    God:
Gold:   201        SH:  0    Dex: 15    Spells: 6/6 levels left

rFire   . . .        Y - +0 shortbow
rCold   . . .        (shield currently unavailable)
rNeg    . . .        d - +0 ring mail
rPois   .            (helmet restricted)
rElec   .            (no cloak)
rCorr   .            (no gloves)
SInv    .            (no boots)
Will    .....        (no amulet)
Stlth   +            (no ring)
HPRegen 0.30/turn    (no ring)
MPRegen 0.10/turn

%: no passive effects
@: lethally poisoned (-1 -> -9)
A: horns 2, retaliatory headbutt
a: no special abilities


You were on level 4 of the Dungeon.
You visited 1 branch of the dungeon, and saw 5 of its levels.

You collected 201 gold pieces.


Innate Abilities, Weirdness & Mutations

You have a pair of horns on your head.
You reflexively headbutt those who attack you in melee.


   Skills:
 - Level 5.0 Fighting
 + Level 8.1 Ranged Weapons
 - Level 1.4 Armour
 - Level 2.1 Dodging
 - Level 0.7 Stealth


You had 6 spell levels left.
You didn't know any spells.
Your spell library was empty.

Inventory:

Hand Weapons
 Y - a +0 shortbow (weapon)
Armour
 d - a +0 ring mail (worn)
Scrolls
 a - a scroll of identify
 c - a scroll of enchant armour
Potions
 b - a potion of curing
 e - a potion of mutation

Dungeon Overview and Level Annotations

Branches:
Dungeon (5/15)
 Temple: D:4-7

Altars:
Zin

Annotations:
D:4 2 transporters


Message History

You shoot an arrow. The arrow hits the orc.
The orc is heavily wounded.
An orc comes into view. It is wielding a +0 dagger of venom.
The orc hits you but does no damage.
You shoot an arrow. The arrow hits the orc.
The orc is almost dead.
The orc priest closely misses you. The orc hits you with a +0 club.
You shoot an arrow. The arrow hits the orc.
You kill the orc!
The orc priest misses you.
You shoot an arrow. The arrow hits the orc priest.
The orc priest is moderately wounded.
The orc closely misses you.
The orc priest calls down the wrath of Beogh upon you.
Beogh smites you!
You shoot an arrow.
The arrow closely misses the orc priest.
The orc hits you with a +0 dagger of venom.
You are poisoned.
The orc priest hits you with a +0 whip. The orc priest barely misses you.
The orc hits you but does no damage.
You are more poisoned.
You shoot an arrow.
The arrow closely misses the orc priest.
You feel very sick. The orc closely misses you. You furiously retaliate!
You headbutt the orc.
The orc priest calls upon Beogh to heal the orc.
The orc's wounds heal themselves!
You shoot an arrow. The arrow hits the orc priest.
The orc priest is heavily wounded.
You feel very sick.
The orc hits you with a +0 dagger of venom.
The orc priest invokes the aid of Beogh against you.
Beogh smites you!
You shoot an arrow. The arrow barely misses the orc priest.
You feel sick. The orc barely misses you.
The orc priest hits you but does no damage.
You shoot an arrow. The arrow hits the orc priest!
You kill the orc priest!
You die...

#.# ####.# ..
..##.# ## .#
#.##.# # #...#
#.##.# #.#.#.#
#.##.# #.#.#.#
#.##.# #.##)#.#.#
.....#
#...!.o).##.#
#.########
#$.)@....#
#........#
###.######
########.#####...#
#..%......#
#######...# #####


You could see an orc.

Vanquished Creatures
  An ice beast (D:5)
  A phantom (D:2)
  A scorpion (D:4)
  A jelly (D:5)
  An orc priest (D:4)
  2 iguanas (D:4)
  3 orc wizards
  4 gnolls (D:4)
  3 adders
  2 dart slugs
  12 orcs
  4 endoplasms
  A giant cockroach (D:1)
  4 goblins
  11 hobgoblins
  4 kobolds
  8 ball pythons
  4 bats
  3 frilled lizards
  9 rats
79 creatures vanquished.

Notes
Turn   | Place    | Note
-------+----------+-------------------------------------------
     0 | D:1      | qw the Minotaur Hunter began the quest for the Orb.
     0 | D:1      | Reached XP level 1. HP: 18/18 MP: 0/0
     0 | D:1      | 0 ||| qw: Version: 0.2-a-119-g7aa9181
     0 | D:1      | 0 ||| qw: Game counter: 2803
     0 | D:1      | 0 ||| qw: Always use a shield: true
     0 | D:1      | 0 ||| qw: God list: Okawaru
     0 | D:1      | 0 ||| qw: Allow faded altars: false
     0 | D:1      | 0 ||| qw: Do Orc after D:15 true
     0 | D:1      | 0 ||| qw: Do second Lair branch before Depths: true
     0 | D:1      | 0 ||| qw: Lair rune preference: random
     0 | D:1      | 0 ||| qw: Plans: Normal
     0 | D:1      | 0 ||| PLANNING D:1-11
   125 | D:1      | Reached XP level 2. HP: 25/25 MP: 1/1
   225 | D:1      | Reached skill level 5 in Ranged Weapons
   757 | D:1      | 757 ||| UPGRADING to +0 ring mail.
   767 | D:1      | 767 ||| DROPPING +0 leather armour.
   768 | D:1      | 768 ||| DROPPING scroll of butterflies.
   823 | D:2      | Reached skill level 1 in Armour
   823 | D:2      | Reached XP level 3. HP: 28/30 MP: 2/2
   839 | D:2      | Reached skill level 3 in Fighting
   842 | D:2      | Found a faded altar of an unknown god.
   910 | D:2      | Noticed a phantom
   925 | D:2      | Killed a phantom
   926 | D:2      | Reached skill level 6 in Ranged Weapons
   926 | D:2      | Reached XP level 4. HP: 10/38 MP: 3/3
  1366 | D:2      | 1366 ||| READING scroll labelled YMUCUN URUUNIO.
  1367 | D:2      | 1367 ||| READING scroll labelled WET KOYS ECK.
  1368 | D:2      | 1368 ||| READING scroll labelled OCUX WICAW.
  1555 | D:3      | Reached XP level 5. HP: 45/45 MP: 4/4
  1765 | D:3      | 1765 ||| READING scroll labelled FUABAE RIUZOW.
  1766 | D:3      | 1766 ||| READING 2 scrolls of identify.
  1766 | D:3      | 1766 ||| IDENTIFYING dark potion
  1767 | D:3      | 1767 ||| DROPPING potion of ambrosia.
  1794 | D:4      | 1794 ||| STAIRDANCE
  1926 | D:4      | Found a glowing silver altar of Zin.
  1941 | D:4      | 1941 ||| Stepping ~*~*~tactically~*~*~ (outnumbered).
  1978 | D:4      | Reached skill level 7 in Ranged Weapons
  2123 | D:4      | Reached XP level 6. HP: 51/52 MP: 5/5
  2410 | D:4      | Found a transporter.
  2436 | D:4      | Found a transporter.
  2704 | D:4      | You fall into a shaft and drop 1 floor!
  2704 | D:5      | Entered Level 5 of the Dungeon
  2711 | D:5      | Reached skill level 8 in Ranged Weapons
  2720 | D:5      | Noticed an ice beast
  2736 | D:5      | Killed an ice beast
  2737 | D:5      | Reached XP level 7. HP: 23/61 MP: 6/6
  2913 | D:5      | 2913 ||| DRINKING 2 red potions.
  2914 | D:5      | 2914 ||| READING 2 scrolls of identify.
  2914 | D:5      | 2914 ||| IDENTIFYING yellow potion
  2964 | D:4      | HP: 3/61 [orc priest/divine providence (15)]
  2965 | D:4      | HP: 1/61 [poisoned by an orc]
  2966 | D:4      | Succumbed to an orc's poison

Levels and vault maps discovered:
D:1:      nagdon_arrival_zigzag_paths, layout_basic
D:2:      layout_rooms, basic_ecumenical_altar, hex_medium, minmay_heptomino_h4
D:3:      layout_basic, kennysheep_generic_room_16
D:4:      gammafunk_steamed_eel, layout_loops_ring, overflow_temple_1_default,
          temple_green
D:5:      layout_gridville, nicolae_the_louvre

Skill      XL: |  1  2  3  4  5  6 |
---------------+-------------------+-----
Ranged Weapons | 5 6 7 8 |  8.1
Armour         | 1 |  1.4
Fighting       | 3 4 5 |  5.0
Dodging        | |  2.1
Stealth        | |  0.7

Action                     |  1- 3 |  4- 6 |  7- 9 || total
---------------------------+-------+-------+-------++-------
   Fire: Shortbow          |    81 |   162 |    16 ||   259
    Use: Scroll            |       |     5 |     1 ||     6
         Potion            |       |       |     1 ||     1
 Armour: Ring mail         |     3 |    41 |     5 ||    49
  Dodge: Dodged            |    13 |    43 |     7 ||    63

Table legend:
 A = Non-vault XP
 B = Vault XP
 C = Vault XP percentage of total XP
 D = Non-vault monster count
 E = Vault monster count
 F = Vault count percentage of total count
                 A         B        C        D         E       F
            +---------+---------+-------+---------+---------+-------
      Total |     665 |     122 |  15.5 |      73 |       6 |   7.6
            +---------+---------+-------+---------+---------+-------
        D:1 |      26 |       0 |   0.0 |      16 |       0 |   0.0
        D:2 |      38 |     116 |  75.3 |      19 |       3 |  13.6
        D:3 |      54 |       6 |  10.0 |      11 |       3 |  21.4
        D:4 |     381 |       0 |   0.0 |      25 |       0 |   0.0
        D:5 |     166 |       0 |   0.0 |       2 |       0 |   0.0
            +---------+---------+-------+---------+---------+-------
